 Dungeon Sprint DCSS version 0.18.1-6-gd335043 (webtiles) character file.

58 Groucho the Charlatan (level 3, -5/34 HPs)
             Began as a Deep Dwarf Fighter on May 20, 2016.
             Splashed by an oklob sapling priest's acid (12 damage)
             ... in the Dungeon (Sprint IV: "Fedhas' Mad Dash").
             The game lasted 00:01:49 (819 turns).

Groucho the Charlatan (Deep Dwarf Fighter)           Turns: 819, Time: 00:01:51

Health: -5/34      AC:  6    Str: 20    XL:     3   Next: 76%
Magic:  5/6        EV:  8    Int:  8    God:
Gold:   33         SH:  9    Dex: 12    Spells: 0 memorised, 2 levels left

rFire  . . .     SeeInvis .     a - +0 war axe
rCold  . . .     Gourm    .     b - +0 scale mail
rNeg   . . .     Faith    .     c - +0 shield
rPois  .         Spirit   .     (no helmet)
rElec  .         Dismiss  .     n - +2 cloak {+Inv}
rCorr  .         Reflect  .     (no gloves)
SustAt .         Harm     .     (no boots)
MR     .....     NoTele   +     (no amulet)
Stlth  +.........               (no ring)
                                (no ring)

@: corroded, very slightly contaminated, non-regenerating, invisible (expiring),
not resistant to hostile enchantments, very unstealthy
A: damage resistance, recharge devices, sense surroundings 1, slow regeneration
3
a: Device Recharging, Turn Visible


You were in the Dungeon.
You were not hungry.

You visited 1 branch You collected 33 gold pieces.

Inventory:

Hand Weapons
 a - a +0 war axe (weapon)
Missiles
 g - 21 stones (quivered)
Armour
 b - a +0 scale mail (worn)
 c - a +0 shield (worn)
 n - a +2 cloak of invisibility (worn)
Wands
 e - a wand of heal wounds (5/9)
Scrolls
 l - a scroll of blinking
 m - a scroll of identify {unknown}
Potions
 d - a potion of might
 h - a potion of heal wounds
 i - a potion of haste
 j - 2 potions of magic
 k - a potion of berserk rage
Comestibles
 f - a bread ration


   Skills:
 + Level 3.6 Fighting
 + Level 3.4 Axes
 + Level 4.2 Armour
 + Level 2.5 Dodging
 + Level 3.0 Stealth
 + Level 4.3 Shields
 * Level 4.8 Evocations


You had 2 spell levels left.
You didn't know any spells.

Dungeon Overview and Level Annotations

Branches:
Dungeon (1/1)

Altars:
Cheibriados
Dithmenos
Elyvilon
Gozag
Kikubaaqudgha
Makhleb
Nemelex Xobeh
Okawaru
Pakellas
Ru
Sif Muna
Trog
Vehumet
Xom
Yredelemnul
Zin
The Shining One
Beogh
Jiyva
Lugonu

Annotations:
D exclusion: oklob sapling


Innate Abilities, Weirdness & Mutations

You are resistant to damage.
You can recharge devices by infusing magical energy.
You passively map a small area around you.
You do not regenerate naturally.


Message History

You hit the oklob sapling priest.
The oklob sapling priest is lightly damaged.
You slash the oklob sapling priest!
The oklob sapling priest is heavily damaged.
You flicker for a moment.
You catch the helpless oklob sapling priest completely off-guard!
You hit the oklob sapling priest.
The oklob sapling priest is almost destroyed.
You hit the oklob sapling priest.
The oklob sapling priest is almost destroyed.
The oklob sapling priest spits acid at you.
The splash of acid hits you! The acid corrodes you!
The acid burns!
* * * LOW HITPOINT WARNING * * *
You hit the oklob sapling priest but do no damage.
The oklob sapling priest is almost destroyed.
The oklob sapling priest spits acid at you.
The splash of acid hits you!
* * * LOW HITPOINT WARNING * * *
The acid burns!
You die...

########################
.....#.....#.⌠...._....⌠
* ,
.....'†#)..'._._@_._._._
,
.....#.#...#_._._P_._._.
*
#########+##._._._._._._
, , #.⌠...._....⌠ , *
,############# , ,* * ,
* * +, ,, * * , , ,


You could see an oklob sapling priest.

Vanquished Creatures
  An oklob sapling (D)
  A worker ant (D)
  A river rat (D)
  A rat (D)
4 creatures vanquished.

Notes
Turn   | Place    | Note
--------------------------------------------------------------
     0 | D        | Groucho the Deep Dwarf Fighter began the quest for the Orb.
     0 | D        | Reached XP level 1. HP: 20/20 MP: 1/1
    15 | D        | Reached skill level 1 in Dodging
    15 | D        | Reached skill level 1 in Stealth
    15 | D        | Reached XP level 2. HP: 15/28 MP: 1/3
   547 | D        | Noticed an oklob sapling
   554 | D        | Reached XP level 3. HP: 30/34 MP: 3/6
   557 | D        | Killed an oklob sapling
   807 | D        | Found a snail-covered altar of Cheibriados.
   807 | D        | Found a glowing silver altar of Zin.
   807 | D        | Found a white marble altar of Elyvilon.
   808 | D        | Found a viscous altar of Jiyva.
   808 | D        | Found a radiant altar of Vehumet.
   808 | D        | Found a deep blue altar of Sif Muna.
   808 | D        | Found a burning altar of Makhleb.
   808 | D        | Found an oddly glowing altar of Pakellas.
   808 | D        | Found an ancient bone altar of Kikubaaqudgha.
   808 | D        | Found a bloodstained altar of Trog.
   808 | D        | Found a corrupted altar of Lugonu.
   808 | D        | Found a sacrificial altar of Ru.
   808 | D        | Noticed an oklob sapling priest
   809 | D        | Found a glowing golden altar of the Shining One.
   809 | D        | Found a sparkling altar of Nemelex Xobeh.
   810 | D        | Found a shadowy altar of Dithmenos.
   811 | D        | Found an iron altar of Okawaru.
   811 | D        | Found a shimmering altar of Xom.
   812 | D        | Found an opulent altar of Gozag.
   813 | D        | Found a basalt altar of Yredelemnul.
   813 | D        | Found a roughly hewn altar of Beogh.
   819 | D        | Splashed by an oklob sapling priest's acid

Skill      XL: |  1  2  3 |
---------------+----------+-----
Fighting       | 3 |  3.6
Dodging        | 1 2 |  2.5
Stealth        | 1 2 3 |  3.0
Evocations     | 2 4 |  4.8
Axes           | 3 |  3.4
Armour         | 4 |  4.2
Shields        | 4 |  4.3

Action                   || total
-------------------------++-------
Melee: War axe           ||    24
 Abil: Evoke Invisibilit ||     1
  Use: Potion            ||     1
 Stab: Invisible         ||     2
Armor: Scale mail        ||     2
Dodge: Dodged            ||     9
Block: Shield            ||     9
